 Dungeon Crawl Stone Soup version 0.30.1-3-gfc49f6343a (webtiles) character file.

Game seed: 9933089068237091621

7823 Atelerd the Thaumaturge (level 11, -11/64 HPs)
             Began as an Octopode Earth Elementalist on July 26, 2023.
             Was a Follower of Sif Muna.
             Mangled by a yak (12 damage)
             ... on level 9 of the Dungeon.
             The game lasted 00:29:08 (13470 turns).

Atelerd the Thaumaturge (OpEE)                     Turns: 13470, Time: 00:29:09

Health: -11/64     AC:  3    Str:  7    XL:     11   Next: 21%
Magic:  4/26       EV: 15    Int: 19    God:    Sif Muna [*.....]
Gold:   537        SH:  5    Dex: 22    Spells: 19/32 levels left

rFire   . . .        w - staff of earth
rCold   . . .        (no shield)
rNeg    . . .        D - +2 hat
rPois   .            r - amulet of reflection
rElec   .            n - ring of see invisible
rCorr   .            y - +6 ring of dexterity
SInv    +            (no ring)
Will    .....        (no ring)
Stlth   ++++++       (no ring)
HPRegen 0.30/turn    (no ring)
MPRegen 0.20/turn    (no ring)
                     (no ring)

%: reflection
@: unable to read
A: almost no armour, amphibious, 8 rings, camouflage 1, gelatinous body 1,
(nimble swimmer 1), tentacles, inability to read after injury 1
a: Renounce Religion, Channel Magic


You were on level 9 of the Dungeon.
You worshipped Sif Muna.
Sif Muna was aware of your devotion.
You visited 2 branches of the dungeon, and saw 11 of its levels.
You also visited: Ossuary.

You collected 627 gold pieces.
You spent 90 gold pieces at shops.

Inventory:

Hand Weapons
 b - a +2 short sword of venom
 C - the +7 long sword "Kayhem" {drain, Fly rC+ rN+++ Str-5}
   (You found it on level 6 of the Dungeon)

   Str:       It affects your strength (-5).
   rC:        It protects you from cold.
   rN:        It renders you almost immune to negative energy.
   Fly:       It grants you flight.
Missiles
 v - 5 throwing nets
Armour
 l - the +1 buckler of the Harvest {rF+ rC+ Dex+2}
   (You found it on level 4 of the Dungeon)

   Dex:       It affects your dexterity (+2).
   rF:        It protects you from fire.
   rC:        It protects you from cold.
 D - a +2 hat (worn)
Magical Staves
 w - a staff of earth (weapon)
Jewellery
 n - a ring of see invisible (left tentacle)
 r - an amulet of reflection (around mantle)
 y - a +6 ring of dexterity (right tentacle)
Wands
 c - a wand of light (4)
 o - a wand of flame (21)
 q - a wand of mindburst (8)
 s - a wand of charming (12)
 t - a wand of polymorph (18)
Scrolls
 e - 4 scrolls of blinking
 f - 2 scrolls of immolation
 g - 5 scrolls of fear
 h - 9 scrolls of teleportation
 i - a scroll of identify
 j - a scroll of enchant armour
 k - 2 scrolls of brand weapon
 x - a scroll of enchant weapon
 z - 2 scrolls of amnesia
 A - a scroll of butterflies
 B - 3 scrolls of magic mapping
 E - a scroll of silence
Potions
 a - a potion of lignification {unknown}
 d - a potion of brilliance
 m - 3 potions of curing
 p - a potion of flight
 F - 2 potions of resistance


   Skills:
 - Level 2.0 Fighting
 - Level 2.0 Short Blades
 * Level 3.4 Dodging
 + Level 10.3 Stealth
 * Level 4.2 Shields
 + Level 11.4 Spellcasting
 * Level 2.5 Conjurations
 - Level 1.0 Translocations
 - Level 3.0 Transmutations
 + Level 6.5 Earth Magic


You had 19 spell levels left.
You knew the following spells:

 Your Spells              Type           Power      Damage    Failure   Level
a - Sandblast             Erth           100%       2d20      1%          1
c - Blink                 Tloc           28%        N/A       6%          2
i - Iron Shot             Conj/Erth      21%        9d5       83%         6
p - Petrify               Tmut/Erth      43%        N/A       9%          4

Your spell library contained the following spells:

 Spells                   Type           Power      Damage    Failure   Level
 Passwall                 Tmut/Erth      35%        N/A       1%          2
 Magic Dart               Conj           80%        1d7       2%          1
 Searing Ray              Conj           40%        2d5       3%          2
 Stone Arrow              Conj/Erth      84%        3d12      3%          3
 Apportation              Tloc           28%        N/A       4%          1
 Momentum Strike          Conj/Tloc      34%        3d8       4%          2
 Necrotise                Necr           40%        1d6       6%          1
 Summon Small Mammal      Summ           40%        N/A       6%          1
 Lesser Beckoning         Tloc           28%        N/A       6%          2
 Sublimation of Blood     Necr           10%        N/A       10%         2
 Dazzling Flash           Conj/Hex       30%        N/A       12%         3
 Ignite Poison            Fire/Tmut/Pois 14%        N/A       13%         3
 Volatile Blastmotes      Fire/Tloc      24%        2d12      16%         3
 Call Canine Familiar     Summ           10%        N/A       19%         3
 Ozocubu's Armour         Ice            10%        N/A       19%         3
 Summon Guardian Golem    Hex/Summ       10%        N/A       19%         3
 Tukima's Dance           Hex            10%        N/A       19%         3
 Iskenderun's Mystic Bla  Conj/Tloc      17%        2d5       30%         4
 Fulminant Prism          Conj/Hex       7%         3d7       36%         4
 Sticky Flame             Conj/Fire      15%        2d4       36%         4
 Passage of Golubria      Tloc           14%        N/A       38%         4
 Blade Hands              Tmut           11%        N/A       45%         5
 Irradiate                Conj/Tmut      10%        3d15      50%         5
 Iskenderun's Battlesphe  Conj           20%        2d7       54%         5
 Yara's Violent Unravell  Hex/Tmut       8%         3d5       67%         5
 Metabolic Englaciation   Hex/Ice        5%         N/A       87%         5
 Starburst                Conj/Fire      7%         6d4       99%         6
 Simulacrum               Ice/Necr       5%         N/A       100%        6
 Dragon Form              Tmut           11%        N/A       100%        7
 Spellforged Servitor     Conj/Summ      7%         N/A       100%        7
 Ignition                 Fire           5%         3d4       100%        8


Dungeon Overview and Level Annotations

Branches:
Dungeon (10/15)            Temple (1/1) D:7         Ossuary (visited)
   Lair: D:8-11         Orc: D:9-12

Altars:
Ashenzari
Dithmenos
Elyvilon
Fedhas
Gozag
Hepliaklqana
Kikubaaqudgha
Makhleb
Nemelex Xobeh
Okawaru
Ru
Sif Muna
Trog
Uskayaw
Vehumet
Wu Jian
Xom
Yredelemnul
Zin
The Shining One

Shops:
D:2 [   D:4 [

Annotations:
D:3 exclusion: downstairs
D:5 exclusion: 2 downstairs
D:8 exclusion: downstairs
D:9 exclusion: 2 downstairs


Innate Abilities, Weirdness & Mutations

You cannot wear most types of armour.
You are amphibious.
You can wear up to eight rings at the same time.
Your skin changes colour to match your surroundings (Stealth+).
Your rubbery body absorbs attacks. (AC +1, EV +1)
((You are camouflaged when in or above water. (Stealth+)))
You have tentacles for arms and can constrict up to eight enemies at once.
You occasionally lose the ability to read scrolls when taking damage.


Message History

The yak stops moving altogether! x2
You feel a surge of power!
The blast of sand misses the yak.
You feel a surge of power!
The blast of sand misses the yak.
The yak attacks as you move away! The yak gores you!
The yak attacks as you move away! You block the yak's attack.
Things that are here:
a +0 robe; a +0 dagger The yak attacks as you move away!
The yak gores you.
There is a stone staircase leading up, spattered with blood here.
You climb upwards.
Level annotation: exclusion: 2 downstairs
There is a stone staircase leading down here.
You feel a surge of power!
The blast of sand hits the yak but does no damage.
The yak gores you. x2; The yak misses you.
The yak gores you.
You feel a surge of power!
The blast of sand hits the yak!
The yak is heavily wounded.
The yak closely misses you. The yak gores you.
You feel a surge of power!
The blast of sand hits the yak!
The yak is severely wounded.
The yak closely misses you. x2; The yak gores you! x2
You feel threatened and lose the ability to read scrolls!
* * * LOW HITPOINT WARNING * * *
You are too injured to fight recklessly!
Casting: Sandblast (safe; 1% risk of failure)
Confirm with . or Enter, or press ? or * to list all spells.
Aiming: Petrify (dangerous; 9% risk of failure)
Press: ? - help, Shift-Dir - straight line, f - yak, p - yak
Aim: a yak (chance to affect: 67%)
You feel a surge of power!
The yak struggles to resist.
The yak gores you!
* * * LOW HITPOINT WARNING * * *
The yak misses you.
Unknown command.
Okay, then.
You cannot read scrolls in your current state!
Unknown command.
You feel better. The yak gores you!
* * * LOW HITPOINT WARNING * * *
The yak gores you!
You die...

#♣...♣##..#..).#####
#.....#####....#....
###_####.......#....
### ##.......#....
#...######....
#######...#.........
#.........#.........
#.Y.......#.........
#..@Y.....#.........
#.........#.........
###########....#####
#...................
#...................
#...................
#.......#####..#####
#.......#...#.......
#.......#...#.......


You could see 2 yaks.

Vanquished Creatures
  Pikel (D:8)
  A troll (D:10)
  Sigmund (D:2)
  A shadow (D:6)
  2 yaks
  3 wyverns
  A steam dragon (D:6)
  A water moccasin (D:6)
  5 orc warriors
  3 sky beasts
  A black bear (D:4)
  2 ice beasts
  5 ogres
  A wolf (D:10)
  2 centaurs
  2 kobold brigands (D:6)
  4 lemures (D:8)
  2 phantoms (D:5)
  A necrophage (D:7)
  3 bullfrogs
  4 gnoll sergeants
  2 scorpions (D:5)
  3 water moccasin zombies (Ossuary)
  10 wights
  23 killer bees
  5 electric eels
  4 hounds
  4 jellies
  4 orc priests
  3 gnoll boudas
  Crazy Yiuf (D:4)
  A sleepcap (D:8)
  Terence (D:2)
  4 iguanas
  9 orc wizards
  A hound skeleton (D:7)
  2 mummies (Ossuary)
  31 gnolls
  3 adders
  9 gnoll zombies
  5 orc zombies
  2 shadow imps (D:7)
  An ufetubus (D:4)
  2 adder zombies (Ossuary)
  2 worms
  2 dart slugs (D:1)
  35 orcs
  9 ball pythons
  9 bats
  8 endoplasms
  4 giant cockroaches
  14 goblins
  6 hobgoblins
  10 jackals
  15 kobolds
  3 quokkas
  2 frilled lizards
  3 hobgoblin zombies (Ossuary)
  2 kobold zombies (Ossuary)
  5 rats
305 creatures vanquished.

Notes
Turn   | Place    | Note
-------+----------+-------------------------------------------
     0 | D:1      | Atelerd the Octopode Earth Elementalist began the quest for
                  | the Orb.
     0 | D:1      | Reached XP level 1. HP: 11/11 MP: 3/3
    60 | D:1      | Reached XP level 2. HP: 17/17 MP: 0/5
   531 | D:1      | Reached XP level 3. HP: 21/21 MP: 4/6
  1307 | D:2      | Noticed Terence
  1315 | D:2      | Killed Terence
  1316 | D:2      | Reached XP level 4. HP: 7/27 MP: 3/8
  1478 | D:2      | Identified the +2 short sword of Valour {heavy, *Corrode
                  | Will- Dex+9}
  1617 | D:2      | Found a glowing golden altar of the Shining One.
  1671 | D:2      | Found Zehaoch's Antique Armour Shoppe.
  1693 | D:2      | Noticed Sigmund
  1791 | D:3      | Reached skill level 3 in Spellcasting
  2147 | D:3      | Reached XP level 5. HP: 20/31 MP: 6/9
  2547 | D:4      | Identified the +1 buckler of the Harvest {rF+ rC+ Dex+2}
  2594 | D:4      | Learned a level 4 spell: Petrify
  2597 | D:4      | Learned a level 2 spell: Blink
  2822 | D:4      | Noticed a black bear
  2849 | D:5      | Entered Level 5 of the Dungeon
  2905 | D:5      | Noticed an ogre
  2950 | D:5      | Noticed a phantom
  2952 | D:5      | Reached skill level 1 in Shields
  2952 | D:5      | Reached XP level 6. HP: 36/36 MP: 8/10
  3237 | D:5      | Reached skill level 5 in Earth Magic
  3237 | D:5      | Reached XP level 7. HP: 41/41 MP: 8/12
  3870 | D:4      | Gained mutation: You occasionally lose the ability to read
                  | scrolls when taking damage. [mutagenic glow]
  4099 | D:2      | Killed Sigmund
  4100 | D:2      | Reached skill level 5 in Stealth
  4425 | D:4      | Found a runed translucent door.
  4428 | D:4      | Noticed Crazy Yiuf
  4433 | D:4      | Killed Crazy Yiuf
  4506 | D:4      | Found Ocel's Armour Shop.
  4619 | D:4      | Found a hazy altar of Hepliaklqana.
  4696 | D:4      | Reached skill level 4 in Spellcasting
  4796 | D:4      | Reached skill level 5 in Spellcasting
  4796 | D:4      | Reached XP level 8. HP: 23/46 MP: 5/15
  5311 | D:5      | Reached skill level 1 in Short Blades
  5376 | D:5      | Reached skill level 1 in Fighting
  5376 | D:5      | Reached skill level 1 in Translocations
  5514 | D:5      | Found a basalt altar of Yredelemnul.
  5539 | D:5      | Found a transporter.
  5580 | D:5      | Found a transporter.
  5651 | D:6      | Reached skill level 6 in Spellcasting
  6543 | D:6      | Identified the +7 long sword "Kayhem" {drain, Fly rC+ rN+++
                  | Str-5}
  6605 | D:6      | Reached XP level 9. HP: 41/54 MP: 10/19
  7024 | D:6      | Reached skill level 7 in Spellcasting
  7665 | D:7      | Found Zin's Purification Station.
  7670 | D:7      | Found a glowing silver altar of Zin.
  7673 | D:7      | Bought a potion of curing for 90 gold pieces
  7734 | D:7      | Reached skill level 8 in Spellcasting
  7991 | D:7      | Reached skill level 10 in Stealth
  8016 | D:7      | Found an opulent altar of Gozag.
  8049 | D:7      | Found an ancient bone altar of Kikubaaqudgha.
  8102 | D:7      | Reached XP level 10. HP: 16/59 MP: 8/22
  8278 | D:7      | Reached skill level 9 in Spellcasting
  8551 | D:7      | Found a staircase to the Ecumenical Temple.
  8561 | D:7      | Found a burning altar of Makhleb.
  9471 | D:8      | Found a sand-covered staircase.
  9489 | Ossuary  | Entered an ossuary
  9514 | Ossuary  | Reached skill level 10 in Spellcasting
 10160 | D:8      | Found a sacrificial altar of Ru.
 10160 | D:8      | Found a shimmering altar of Xom.
 10213 | D:8      | Found a radiant altar of Vehumet.
 10230 | D:8      | Noticed Pikel
 10297 | D:8      | Killed Pikel
 10298 | D:8      | Reached skill level 11 in Spellcasting
 10724 | Temple   | Entered the Ecumenical Temple
 10803 | Temple   | Became a worshipper of Sif Muna the Loreminder
 11188 | D:8      | Learned a level 6 spell: Iron Shot
 11222 | D:9      | Found a sparkling altar of Nemelex Xobeh.
 11640 | D:9      | Reached skill level 1 in Conjurations
 11826 | D:9      | Reached XP level 11. HP: 64/64 MP: 19/26
 11981 | D:9      | Found a glowing golden altar of the Shining One.
 12431 | D:10     | Entered Level 10 of the Dungeon
 12566 | D:10     | Reached * piety under Sif Muna
 13470 | D:9      | HP: 1/64 [yak (15)]
 13470 | D:9      | Mangled by a yak

Illustrated notes

Levels and vault maps discovered:
D:1:      giann_bridges, layout_loops_cross, minmay_misc_feat_pillars,
          minmay_cut_off
D:2:      layout_basic, serial_shops, shop_statue, basic_altar, uniq_terence,
          uniq_sigmund
D:3:      layout_basic
D:4:      layout_cave_pools, nicolae_hepliaklqana_hippocampus, serial_shops,
          nicolae_shop_pleasant_corner_grove, minmay_misc_feat_cross,
          minmay_puff, uniq_crazy_yiuf_cottage
D:5:      gammafunk_cloud_chamber, layout_basic, lemuel_round_altar
D:6:      minmay_opposing_rooms, layout_basic, nicolae_zen_rock_garden,
          hangedman_decor_growths
D:7:      layout_basic, nicolae_overflow_hidden_temple, grunt_gozag_breadcrumbs,
          makhleb_blood_cavern_becter, mainiacjoe_overflow_brackets, zin_purify,
          lightli_minifort
D:8:      nicolae_moon_pools, layout_rooms, mainiacjoe_overflow_boulevard,
          gammafunk_temple_overflow_elements, enter_ossuary_1, uniq_pikel
D:9:      layout_grid_maze, nemelex_xobeh_ov_fountains_minmay, tso_altar
D:10:     layout_cave_pools, nicolae_qazlal_style_of_elements,
          serial_gnoll_camp, gnoll_camp_mini_hut, gnoll_camp_medium_02,
          gnoll_camp_mini_basic, gnoll_camp_mini_sergeant, uniq_lodul
Temple:   nicolae_temple_bog_church

Skill      XL: |  1  2  3  4  5  6  7  8  9 10 11 |
---------------+----------------------------------+-----
Transmutations | 2 3 |  3.0
Spellcasting   | 3 5 6 8 11 | 11.4
Earth Magic    | 4 5 6 |  6.5
Stealth        | 3 4 5 6 10 | 10.3
Shields        | 1 2 3 4 |  4.2
Short Blades   | 2 |  2.0
Fighting       | 2 |  2.0
Translocations | 1 |  1.0
Conjurations   | 1 2 |  2.5
Dodging        | 3 |  3.4

Action                     |  1- 3 |  4- 6 |  7- 9 | 10-12 || total
---------------------------+-------+-------+-------+-------++-------
  Melee: Unarmed           |     5 |       |       |       ||     5
         Constrict         |     9 |     7 |    12 |     7 ||    35
         Tentacles         |     6 |     6 |    18 |     7 ||    37
         Short sword       |    12 |    21 |    47 |    16 ||    96
         Punch             |       |     2 |     2 |     2 ||     6
         Staff             |       |       |     6 |     2 ||     8
         Long sword        |       |       |    12 |       ||    12
   Cast: Sandblast         |    36 |    73 |   132 |   231 ||   472
         Petrify           |       |     2 |    31 |    39 ||    72
  Evoke: Wand              |       |       |     2 |       ||     2
    Use: Potion            |     3 |       |    11 |     2 ||    16
         Scroll            |       |     5 |     5 |     6 ||    16
   Stab: Sleeping          |     1 |       |       |       ||     1
         Petrified         |       |    11 |    44 |    14 ||    69
         Invisible         |       |       |     1 |       ||     1
         Petrifying        |       |       |       |     1 ||     1
         Distracted        |       |       |       |     1 ||     1
 Armour: Skin              |     4 |       |     5 |    15 ||    24
  Dodge: Dodged            |    26 |    15 |    80 |    96 ||   217
  Block: Other             |       |       |    22 |    29 ||    51
         Reflection        |       |       |       |     3 ||     3
